General information
- name: 2n2 tr obs
- type: Custom game
- host: hbd-bot
- saver: jaydesjohnny
map: TurtleRock
- players: 8
- length: 12:54
- speed: Fast
- version: 1.26 W3XP
- replay type: Public
» download(113 KB)
Players
team 1 (loser)

»
DiGiTaLisM) (
red | 75 APM | 967 actions | 12:49)
2 Death Knight
1 Death Coil
1 Unholy Aura
1 Lich
1 Frost Nova
» actions
| Assign group hotkey | 10 | |
| Basic commands | 9 | |
| Build / train | 36 | |
| Enter build submenu | 13 | |
| Enter hero's abilities submenu | 3 | |
| Give item / drop item | 1 | |
| Remove unit from queue | 2 | |
| Right click | 686 | |
| Select / deselect | 170 | |
| Select group hotkey | 4 | |
| Use ability | 33 | |
967 total
» units
| Acolyte | 6 | |
| Ghoul | 9 | |
| Crypt Fiend | 3 | |
| Abomination | 3 | |
21 total
» upgrades
» buildings
| Crypt | 1 | |
| Altar of Darkness | 1 | |
| Ziggurat | 4 | |
| Nerubian Tower | 1 | |
| Tomb of Relics | 1 | |
| Halls of the Dead | 1 | |
| Graveyard | 2 | |
| Black Citadel | 1 | |
| Slaughterhouse | 1 | |
13 total
» build order
00:22 Crypt
00:25 Altar of Darkness
00:36 Ziggurat
01:43 Ziggurat
01:44 Nerubian Tower
02:40 Tomb of Relics
02:47 Ziggurat
03:50 Halls of the Dead
06:00 Graveyard
06:06 Graveyard
06:08 Ziggurat
09:14 Black Citadel
09:18 Slaughterhouse
» items
| Rod of Necromancy | 2 | |
| Dust of Appearance | 1 | |
| Scroll of Town Portal | 1 | |
4 total
Dani96 (
purple | 54 APM | 700 actions | 12:53)
4 Death Knight
3 Death Coil
1 Unholy Aura
1 Lich
1 Frost Nova
» actions
| Assign group hotkey | 22 | |
| Build / train | 47 | |
| ESC pressed | 5 | |
| Enter build submenu | 8 | |
| Enter hero's abilities submenu | 4 | |
| Right click | 238 | |
| Select / deselect | 203 | |
| Select group hotkey | 134 | |
| Use ability | 39 | |
700 total
» units
| Acolyte | 6 | |
| Ghoul | 3 | |
| Crypt Fiend | 12 | |
| Obsidian Statue | 1 | |
22 total
» upgrades
| Creature Attack | 1 | |
| Creature Carapace | 1 | |
2 total
» buildings
| Crypt | 1 | |
| Graveyard | 1 | |
| Altar of Darkness | 1 | |
| Ziggurat | 3 | |
| Tomb of Relics | 1 | |
| Halls of the Dead | 3 | |
| Slaughterhouse | 1 | |
| Spirit Tower | 3 | |
14 total
» build order
00:18 Crypt
00:23 Graveyard
00:32 Altar of Darkness
00:54 Ziggurat
01:54 Ziggurat
02:03 Tomb of Relics
04:15 Ziggurat
04:20 Halls of the Dead
04:20 Halls of the Dead
04:20 Halls of the Dead
08:55 Slaughterhouse
10:48 Spirit Tower
10:48 Spirit Tower
10:49 Spirit Tower
» items
team 2 (winner)
jaydesjohnny (
teal | 245 APM | 3157 actions | 12:54)
4 Death Knight
2 Death Coil
2 Unholy Aura
3 Lich
2 Frost Nova
1 Dark Ritual
1 Crypt Lord
1 Impale
» actions
| Assign group hotkey | 35 | |
| Basic commands | 86 | |
| Build / train | 58 | |
| Enter build submenu | 9 | |
| Enter hero's abilities submenu | 8 | |
| Give item / drop item | 3 | |
| Right click | 1248 | |
| Select / deselect | 241 | |
| Select group hotkey | 1382 | |
| Use ability | 85 | |
3157 total
» units
| Acolyte | 4 | |
| Ghoul | 3 | |
| Crypt Fiend | 9 | |
| Obsidian Statue | 2 | |
18 total
» upgrades
| Creature Attack | 1 | |
| Web | 1 | |
| Destroyer Form | 1 | |
3 total
» buildings
| Crypt | 1 | |
| Graveyard | 1 | |
| Altar of Darkness | 1 | |
| Ziggurat | 4 | |
| Tomb of Relics | 1 | |
| Halls of the Dead | 4 | |
| Nerubian Tower | 3 | |
| Slaughterhouse | 1 | |
| Black Citadel | 3 | |
19 total
» build order
00:04 Crypt
00:05 Graveyard
00:40 Altar of Darkness
00:55 Ziggurat
01:22 Tomb of Relics
01:58 Ziggurat
03:36 Halls of the Dead
03:36 Halls of the Dead
03:36 Halls of the Dead
03:36 Halls of the Dead
04:09 Ziggurat
04:58 Nerubian Tower
04:58 Nerubian Tower
04:58 Nerubian Tower
06:06 Slaughterhouse
07:41 Black Citadel
07:41 Black Citadel
07:42 Black Citadel
09:11 Ziggurat
» items
| Rod of Necromancy | 4 | |
| Dust of Appearance | 1 | |
| Orb of Corruption | 3 | |
8 total
un-go (
blue | 151 APM | 1952 actions | 12:53)
4 Archmage
2 Summon Water Elemental
2 Brilliance Aura
2 Mountain King
1 Storm Bolt
1 Bash
» actions
| Assign group hotkey | 60 | |
| Basic commands | 119 | |
| Build / train | 54 | |
| ESC pressed | 1 | |
| Enter build submenu | 19 | |
| Enter hero's abilities submenu | 6 | |
| Right click | 623 | |
| Select / deselect | 202 | |
| Select group hotkey | 787 | |
| Use ability | 81 | |
1952 total
» units
| Peasant | 14 | |
| Footman | 12 | |
| Priest | 3 | |
| Sorceress | 2 | |
| Spell Breaker | 1 | |
32 total
» upgrades
| Defend | 1 | |
| Priest Training | 1 | |
| Sorceress Training | 1 | |
3 total
» buildings
| Altar of Kings | 1 | |
| Barracks | 1 | |
| Farm | 8 | |
| Scout Tower | 3 | |
| Arcane Tower | 4 | |
| Keep | 2 | |
| Arcane Vault | 2 | |
| Arcane Sanctum | 2 | |
| Castle | 2 | |
25 total
» build order
00:07 Altar of Kings
00:16 Barracks
00:19 Farm
00:53 Farm
01:25 Scout Tower
01:50 Farm
02:04 Arcane Tower
02:27 Farm
03:13 Farm
03:50 Keep
03:51 Keep
04:01 Farm
04:25 Arcane Vault
05:50 Arcane Vault
07:15 Arcane Sanctum
07:23 Arcane Sanctum
07:46 Farm
09:09 Farm
09:26 Scout Tower
09:32 Scout Tower
09:52 Arcane Tower
09:53 Arcane Tower
11:18 Arcane Tower
12:33 Castle
12:33 Castle
observersJamaikasun,
Android_17,
RusPoWa,
bomjo_O Chat log
(00:00 / 5) DiGiTaLisM): Your load time was 6.05 seconds.
(01:05 / Allies) jaydesjohnny: hi
(01:08 / Allies) un-go: hi
(01:09 / Allies) un-go: :)
(01:37 / Allies) jaydesjohnny: play with w.e unit composition ur most comfortable with
(01:44 / Allies) un-go: ok
(01:51 / All) DiGiTaLisM): gg hf
(01:57 / All) un-go: same same
(02:11 / All) DiGiTaLisM): ty gosu
(03:41 / All) DiGiTaLisM): Android_17 has left the game voluntarily.
(03:46 / All) DiGiTaLisM): RusPoWa has left the game voluntarily.
(06:35 / Allies) jaydesjohnny: brt
(06:45 / Allies) jaydesjohnny: focus dk
(09:36 / Allies) jaydesjohnny: tavving dk
(09:53 / All) DiGiTaLisM): mb its too early in the morning
(11:03 / All) DiGiTaLisM): :D
(12:24 / All) DiGiTaLisM): WAAAH
(12:40 / All) Dani96: r
(12:42 / All) DiGiTaLisM): :D:D:D
(12:46 / All) DiGiTaLisM): let rmk haha
(12:48 / All) DiGiTaLisM): :)
(12:49 / All) DiGiTaLisM): DiGiTaLisM) has left the game voluntarily.
(12:52 / All) Jamaikasun: bomjo_O has left the game voluntarily.
(12:53 / All) jaydesjohnny: Dani96 has left the game voluntarily.
(12:53 / All) jaydesjohnny: un-go has left the game voluntarily.